 Dungeon Crawl Stone Soup version 0.29-a0-317-gd16b76e6b1 (webtiles) character file.

Game seed: 10483505600972483031

159 Ijustatesigmund the Sneak (level 5, -8/34 HPs)
             Began as a Gargoyle Delver on Mar 30, 2022.
             Mangled by a wight
             ... wielding a +3 long sword
              (12 damage)
             ... on level 2 of the Dungeon.
             The game lasted 00:06:10 (4145 turns).

Ijustatesigmund the Sneak (Gargoyle Delver)         Turns: 4145, Time: 00:06:10

Health: -8/34      AC: 12    Str: 16    XL:     5   Next: 40%
Magic:  4/4        EV:  2    Int: 12    God:
Gold:   161        SH: 10    Dex: 11    Spells: 4/4 levels left

rFire   . . .      SeeInvis .   a - +0 mace
rCold   . . .      Faith    .   p - +0 tower shield
rNeg    + . .      Spirit   .   b - +0 chain mail
rPois   ∞          Reflect  .   (helmet restricted)
rElec   +          Harm     .   (no cloak)
rCorr   .          Rampage  .   (no gloves)
Will    .....                   (no boots)
Stlth   ..........              (no amulet)
HPRegen 0.11/turn               (no ring)
MPRegen 0.09/turn               (no ring)

@: no status effects
A: sickness immunity, AC +4, negative energy resistance 1, electricity
resistance, torment resistance 1, petrification resistance, horns 1, low MP 1
a: no special abilities


You were on level 2 of the Dungeon.
You visited 1 branch of the dungeon, and saw 5 of its levels.

You collected 161 gold pieces.

Inventory:

Hand Weapons
 a - a +0 mace (weapon)
Armour
 b - a +0 chain mail (worn)
 p - a +0 tower shield (worn)
 r - a +0 helmet
Jewellery
 q - a +6 ring of dexterity
Wands
 g - a wand of digging (8)
Scrolls
 c - a scroll of fog
 d - 3 scrolls of magic mapping
 h - 2 scrolls of identify
 j - a scroll of vulnerability {unknown}
 k - a scroll of enchant weapon {unknown}
 m - a scroll of torment {unknown}
 n - 2 scrolls of brand weapon {unknown}
Potions
 e - a potion of ambrosia
 f - 2 potions of haste
 i - a potion of resistance {unknown}
 l - a potion of degeneration {unknown}
 o - a potion of mutation
 s - a potion of attraction {unknown}


   Skills:
 + Level 4.5 Fighting
 + Level 4.0 Maces & Flails
 + Level 1.5 Armour
 - Level 1.5 Dodging
 - Level 5.4 Stealth
 + Level 1.4 Shields


You had 4 spell levels left.
You didn't know any spells.
Your spell library contained the following spells:

 Spells                   Type           Power      Damage    Failure   Level
 Freeze                   Ice            0%         1d3       100%        1
 Ensorcelled Hibernation  Hex/Ice        0%         N/A       100%        2
 Frozen Ramparts          Ice            0%         1d2       100%        3
 Spider Form              Tmut/Pois      0%         N/A       100%        3
 Anguish                  Hex/Necr       0%         N/A       100%        4
 Hailstorm                Conj/Ice       0%         3d3       100%        4
 Ice Form                 Ice/Tmut       0%         N/A       100%        4
 Summon Ice Beast         Ice/Summ       0%         N/A       100%        4


Dungeon Overview and Level Annotations

Branches:
Dungeon (5/15)
 Temple: D:4-7

Altars:
Makhleb
Trog
Xom

Annotations:
D:4 Blork the orc


Innate Abilities, Weirdness & Mutations

You are immune to sickness and miasma.
Your stone body is resilient. (AC +4)
You are immune to poison.
You resist negative energy. (rN+)
You are resistant to electric shocks. (rElec)
You are resistant to unholy torment.
You are immune to petrification.
You have a pair of small horns on your head.
Your magical capacity is low. (-10% MP)


Message History

You hit the wight.
The wight is lightly damaged.
You block the wight's attack.
The wight hits you with a +0 long sword.
You hit the wight.
The wight is moderately damaged.
The wight hits you but does no damage.
The wight hits you with a +3 long sword!
You block the wight's attack. x2
The wight hits you with a +0 long sword.
You hit the wight.
The wight is heavily damaged.
You block the wight's attack. x3; The wight hits you but does no damage.
The wight hits you from afar with a +0 spear.
You are too injured to fight recklessly!
You are too injured to fight recklessly!
You are too injured to fight recklessly!
There are monsters nearby!
The wight attacks as you move away! You block the wight's attack.
The wight attacks as you move away! You block the wight's attack.
There is an escape hatch in the ceiling here.
You block the wight's attack. A mysterious force pulls you upwards.
The hatch slams shut behind you.
You hit the wight.
The wight is moderately damaged.
You block the wight's attack.
You barely miss the wight.
The wight is moderately damaged.
The wight hits you with a +3 long sword.
The wight hits you with a +3 long sword!
* * * LOW HITPOINT WARNING * * *
You hit the wight but do no damage.
The wight is moderately damaged.
You block the wight's attack.
You hit the wight.
You headbutt the wight, but do no damage.
The wight is moderately damaged.
The wight completely misses you.
The wight hits you with a +3 long sword!
You die...

#......<........# #..
##.............## #.#
##.....#.....## #.#
###..###.#### #.# ##.##
#.# #.# #...# #.# #.#
#...###.##### #.#
#.z...#.....# ####..
####..@#.....#####.....
#......##..............
#...###...#############
#.......### #...##### #
##### ## ####. #....
#####


You could see a wight.

Vanquished Creatures
  A crimson imp (D:3)
  Ijyb (D:3)
  2 gnolls (D:3)
  An adder (D:3)
  A dart slug (D:1)
  2 orcs
  9 ball pythons
  5 endoplasms
  9 giant cockroaches
  3 goblins
  3 hobgoblins
  9 jackals
  6 kobolds
  3 quokkas
  3 bats
  4 rats
62 creatures vanquished.

Notes
Turn   | Place    | Note
-------+----------+-------------------------------------------
     0 | D:5      | Ijustatesigmund the Gargoyle Delver began the quest for the
                  | Orb.
     0 | D:5      | Reached XP level 1. HP: 14/14 MP: 1/1
   350 | D:4      | Noticed Blork the orc
   410 | D:3      | Reached XP level 2. HP: 17/19 MP: 2/2
   795 | D:3      | Found a bloodstained altar of Trog.
   809 | D:3      | Noticed Ijyb
   854 | D:3      | Killed Ijyb
   855 | D:3      | Reached XP level 3. HP: 5/24 MP: 3/3
  1282 | D:2      | Reached XP level 4. HP: 27/29 MP: 4/4
  2486 | D:1      | Found a faded altar of an unknown god.
  2696 | D:1      | Reached skill level 1 in Armour
  3598 | D:3      | Found a shimmering altar of Xom.
  3603 | D:3      | Found a burning altar of Makhleb.
  3624 | D:3      | Gained mutation: Your magical capacity is low. (-10% MP)
                  | [potion of mutation]
  3624 | D:3      | Gained mutation: You have a pair of small horns on your
                  | head. [potion of mutation]
  3630 | D:3      | Reached skill level 1 in Shields
  3630 | D:3      | Reached XP level 5. HP: 8/34 MP: 1/4
  4145 | D:2      | Mangled by a wight

Illustrated notes

Levels and vault maps discovered:
D:1:      lemuel_arrival_broad_hall, layout_loops_corners,
          nicolae_ecumenical_lake_church
D:2:      minmay_roachtagon, layout_rooms, st_stairs_11
D:3:      layout_loops_ring, grunt_temple_overflow_champion_of_chaos,
          mainiacjoe_overflow_cross_hatched, serial_co_window_serial,
          co_window_paths_a, co_window_corner_a, co_window_corner_a,
          co_window_corner_a, co_window_paths_b, co_window_broadway_a,
          co_window_unsneaky_path_c, co_window_cross_3, co_window_corner_ca,
          co_window_cross_2, co_window_4corner_a, co_window_paths_e,
          glass_columns_b, glass_columns_c, uniq_ijyb, uniq_natasha
D:4:      layout_basic, lemuel_tele_altar, lemuel_round_altar,
          minmay_temple_entry_statues_pillars, minmay_misc_feat_diagonals,
          minmay_close_crescents, uniq_blork_the_orc, uniq_pikel
D:5:      layout_basic, nemelex_diamond_rough_becter, grunt_dithmenos_shadows,
          hangedman_abyss_or_decor_passed

Skill      XL: |  1  2  3  4  5 |
---------------+----------------+-----
Maces & Flails | 3 4 |  4.0
Fighting       | 4 |  4.5
Armour         | 1 |  1.5
Shields        | 1 |  1.4
Dodging        | |  1.5
Stealth        | |  5.4

Action                   |  1- 3 |  4- 6 || total
-------------------------+-------+-------++-------
Melee: Mace              |   125 |   163 ||   288
       Headbutt          |       |    11 ||    11
  Use: Scroll            |     1 |     1 ||     2
       Potion            |     3 |     2 ||     5
 Stab: Sleeping          |     3 |       ||     3
Armor: Leather armour    |    42 |       ||    42
       Skin              |    12 |       ||    12
       Chain mail        |    31 |   146 ||   177
Dodge: Dodged            |    51 |    17 ||    68
Block: Tower shield      |       |   120 ||   120

Table legend: (Time is in decaauts)
 A = Elapsed time spent in this place.
 B = Non-inter-level travel time spent in this place.
 C = Inter-level travel time spent in this place.
 D = Time resting spent in this place.
 E = Time spent auto-exploring this place.
 F = Levels seen in this place.
 G = Mean time per level.
                   A        B        C        D        E       F      G
               +--------+--------+--------+--------+--------+-----+--------+
         Total |   4262 |   4209 |     53 |   1440 |   2014 |   5 |  852.4 |
       Dungeon |   4262 |   4209 |     53 |   1440 |   2014 |   5 |  852.4 |
               +--------+--------+--------+--------+--------+-----+--------+

Top non-repeatable levels by time:
     D:1: 1433 daAuts
     D:3: 1421 daAuts
     D:2: 1008 daAuts
     D:5: 237 daAuts
     D:4: 162 daAuts
